 Dungeon Crawl Stone Soup version 0.30-b1-2-g02819fbbbe (webtiles) character file.

Game seed: 569687651618271506

278124 graymark the Eclecticist (level 21, 0/161 HPs)
             Began as a Djinni Fire Elementalist on May 24, 2023.
             Was the Champion of Makhleb.
             Slain by a vampire knight
             ... wielding a +3 great mace
              (25 damage)
             ... on level 1 of the Depths on May 25, 2023.
             The game lasted 07:46:00 (38748 turns).

graymark the Eclecticist (DjFE)                    Turns: 38748, Time: 07:46:01

Health: 0/161      AC: 14    Str:  3 (13) XL:     21   Next: 71%
Gold:   1584       EV: 17    Int: 25 (32) God:    Makhleb [******] SH: 14 Dex:  9 (20)

rFire   + + .        W - +5 trident of Shrieking Innocence {heavy, rElec Will+ Int+2 Stlth+}
rCold   + + +        o - +3 kite shield {reflect}
rNeg    + + +        F - +4 leather armour of Classification {rF- rN+++ Regen+ Str+3}
rPois   ∞            O - +1 hat of Xuthruke {rC++ Str+4 Stlth-}
rElec   +            u - scarf "Nylionig" {rC+ rF+, Dex+5}
rCorr   +            L - +0 pair of gloves of Untold Secrets {rC+ rCorr Stlth-}
SInv    .            (boots unavailable)
Will    +++++        G - amulet of the Four Winds {rN+ Will+++ Clar}
Stlth   ++           U - +5 ring of evasion
HPRegen 1.26/turn    J - +4 ring of protection
MPRegen 0.00/turn

%: reflection, clarity, infuse magic (-1 HP)
@: flying, hasted, studying Armour, very quick
A: sickness immunity, fire resistance 2, cold vulnerability 1, float, innate
caster, HP casting, extra vitality 1, claws 1, horns 1, clever 1
}: 1/15 runes: barnacled
a: Renounce Religion, Minor Destruction, Lesser Servant of Makhleb, Major
Destruction, Greater Servant of Makhleb


You were on level 1 of the Depths.
You worshipped Makhleb.
Makhleb was exalted by your worship.
You visited 8 branches of the dungeon, and saw 35 of its levels.
You also visited: Gauntlet and Ice Cave.

You collected 4850 gold pieces.
You spent 3266 gold pieces at shops.

Inventory:

Hand Weapons
 W - the +5 trident of Shrieking Innocence (weapon) {heavy, rElec Will+ Int+2 Stlth+}
   (You took it off a minotaur in a Gauntlet)

   Int:       It affects your intelligence (+2).
   rElec:     It insulates you from electricity.
   Will:      It increases your willpower.
   Stlth:     It makes you more stealthy.
Missiles
 N - 7 throwing nets
Armour
 o - a +3 kite shield of reflection (worn)
 t - a +2 robe of the Archmagi
 u - the scarf "Nylionig" (worn) {rC+ rF+, Dex+5}
   (You acquired it on level 1 of the Lair of Beasts)

   Dex:       It affects your dexterity (+5).
 w - the +2 robe "Muridits" {Slay+2 Stlth+}
   (You took it off a goblin on level 3 of the Dungeon)

   Slay:      It affects your accuracy & damage with ranged weapons and melee
   (+2).
   Stlth:     It makes you more stealthy.
 F - the +4 leather armour of Classification (worn) {rF- rN+++ Regen+ Str+3}
   (You found it on level 5 of the Dungeon)

   Str:       It affects your strength (+3).
   rF:        It makes you vulnerable to fire.
   rN:        It renders you almost immune to negative energy.
   Regen:     It increases your rate of health regeneration.
 L - the +0 pair of gloves of Untold Secrets (worn) {rC+ rCorr Stlth-}
   (You found it on level 1 of the Lair of Beasts)

   rC:        It protects you from cold.
   rCorr:     It protects you from acid and corrosion.
   Stlth:     It makes you less stealthy.
 O - the +1 hat of Xuthruke (worn) {rC++ Str+4 Stlth-}
   (You acquired it on level 2 of the Spider Nest)

   Str:       It affects your strength (+4).
   rC:        It greatly protects you from cold.
   Stlth:     It makes you less stealthy.
 Z - a +2 hat of willpower
Magical Staves
 X - a staff of conjuration
Jewellery
 h - an amulet of regeneration
 v - a ring of positive energy
 y - a ring of willpower
 B - the ring "Purups" {Fly rC+ rN++ Str+6 Int-5}
   (You took it off a deep elf zephyrmancer on level 3 of the Elven Halls)

   [ring of strength]

   Str:       It affects your strength (+6).
   Int:       It affects your intelligence (-5).
   rC:        It protects you from cold.
   rN:        It greatly protects you from negative energy.
   Fly:       It grants you flight.
 G - the amulet of the Four Winds (around neck) {rN+ Will+++ Clar}
   (You bought it in a shop on level 2 of the Orcish Mines)

   [amulet of nothing]

   rN:        It protects you from negative energy.
   Clar:      It protects you from confusion, rage, mesmerisation and fear.
   Will:      It greatly increases your willpower.
 H - a +5 ring of evasion
 I - a ring of wizardry
 J - a +4 ring of protection (right hand)
 Q - a ring of positive energy
 U - a +5 ring of evasion (left hand)
 V - the ring of Attitude {rC+ Dex+6 Stlth+}
   (You took it off a deep elf high priest on level 3 of the Elven Halls)

   [ring of dexterity]

   Dex:       It affects your dexterity (+6).
   rC:        It protects you from cold.
   Stlth:     It makes you more stealthy.
 Y - a +6 ring of intelligence
Wands
 r - a wand of quicksilver (36)
 A - a wand of roots (46)
 K - a wand of mindburst (25)
 S - a wand of charming (38)
Scrolls
 a - 4 scrolls of fear
 i - 7 scrolls of blinking
 j - a scroll of silence
 k - 9 scrolls of teleportation
 l - 3 scrolls of magic mapping
 n - 9 scrolls of immolation
 p - 10 scrolls of enchant weapon
 D - 3 scrolls of vulnerability
 E - 4 scrolls of summoning
 M - 4 scrolls of poison
 P - 6 scrolls of fog
Potions
 b - 9 potions of might
 c - 4 potions of ambrosia
 e - 5 potions of invisibility
 f - 4 potions of attraction
 q - 7 potions of resistance
 s - 13 potions of curing
 x - 5 potions of heal wounds
 z - 6 potions of mutation
 C - 4 potions of haste
 R - 7 potions of brilliance
 T - 3 potions of cancellation
Miscellaneous
 d - a piece from Xom's chessboard (15/15)
 g - a phantom mirror
 m - a lightning rod (3/4)


   Skills:
 + Level 17.4 Fighting
 + Level 10.4 Armour
 - Level 14.0 Dodging
 - Level 7.0 Stealth
 + Level 12.7 Shields
 * Level 18.3 Spellcasting
 - Level 14.2 Invocations


You knew the following spells:

 Your Spells              Type           Power      Damage    Failure   Level
a - Foxfire               Conj/Fire      100%       2x1d9     0%          1
b - Scorch                Fire           100%       2d9       0%          2
c - Volatile Blastmotes   Fire/Tloc      100%       2d18      1%          3
d - Inner Flame           Hex/Fire       85%        N/A       1%          3
e - Flame Wave            Conj/Fire      85%        2d18      1%          4
f - Summon Small Mammal   Summ           100%       N/A       0%          1
g - Searing Ray           Conj           100%       2d8       0%          2
h - Frozen Ramparts       Ice            100%       1d16      1%          3
i - Dazzling Flash        Conj/Hex       100%       N/A       1%          3
j - Alistair's Intoxicat  Tmut/Pois      56%        N/A       1%          5
k - Iskenderun's Battles  Conj           85%        2d13      1%          5
l - Statue Form           Tmut/Erth      56%        N/A       1%          6
m - Enfeeble              Hex            42%        N/A       9%          7
n - Haunt                 Necr/Summ      42%        N/A       9%          7
o - Lehudib's Crystal Sp  Conj/Erth      42%        10d10     56%         8
Your spell library was empty.

Dungeon Overview and Level Annotations

Branches:
Dungeon (15/15)            Temple (1/1) D:4            Lair (5/5) D:10
 Shoals (4/4) Lair:2       Spider (4/4) Lair:3        Slime (0/5) Lair:4
    Orc (2/2) D:11            Elf (3/3) Orc:2        Vaults (0/5) D:14
 Depths (1/4) D:15          IceCv (visited)         Gauntlet (visited)

Altars:
Ashenzari
Cheibriados
Dithmenos
Elyvilon
Fedhas
Gozag
Hepliaklqana
Makhleb
Nemelex Xobeh
Okawaru
Qazlal
Ru
Trog
Uskayaw
Wu Jian
Xom
Yredelemnul
Zin
The Shining One
Jiyva

Shops:
D:5 *   D:7 ?   D:8 [   D:15 !*[!:   Orc:2 :!*=(   Elf:1 :

Annotations:
Lair:3 exclusion: downstairs
Spider:3 exclusion: downstairs
Spider:4 1 exclusion
Elf:2 3 runed translucent doors, exclusion: 3 doors
Elf:3 2 exclusions


Innate Abilities, Weirdness & Mutations

You are immune to sickness and miasma.
You are immune to poison.
Your flesh is very heat resistant. (rF++)
You are vulnerable to cold. (rC-)
You float through the air rather than walking.
You learn spells naturally, not from books.
Your magical power is your life essence.
You have superior vitality. (+4 MHP)
You have sharp fingernails.
You have a pair of small horns on your head.
Your mind is acute. (Int +4, Str/Dex -1)


Message History

The ice dragon tramples you.
You are shoved backwards!
Casting: Scorch (safe; 1% risk of failure)
Confirm with . or Enter, or press ? or * to list all spells.
Flames lash something.
The ice dragon bites you. You block the ice dragon's attack.
The ice dragon closely misses you.
A stone giant comes into view.
Casting: Scorch (safe; 1% risk of failure)
Confirm with . or Enter, or press ? or * to list all spells.
Flames lash the ice dragon.
The ice dragon is burned terribly!
You kill the ice dragon!
Makhleb accepts your kill.
You feel better.
The stone giant throws a large rock.
The large rock hits you!!
You feel your intelligence returning. Something closely misses you.
Something barely misses you. Something hits you!!!
* * * LOW HITPOINT WARNING * * *
Something bites you but does no damage. You block something's attack.
Something bites you!
* * * LOW HITPOINT WARNING * * *
You feel much better. You block something's attack. x2
Something barely misses you. You block something's attack.
Search for what [? for help]? sinv Can't find anything matching that.
Search for what [Enter for "sinv", or ? for help]? inv Unknown command.
Unknown command.
Unknown command.
Unknown command.
Unknown command.
Okay, then.
Unknown command.
Okay, then.
You feel yourself speed up. You block something's attack. Something bites you.
* * * LOW HITPOINT WARNING * * *
Something hits you!!
* * * LOW HITPOINT WARNING * * *
You block something's attack.
You see here 2 stones.
You feel much better. Something hits you!!
You die...

#.###+###C# ### .W.W..D.'.# ##<#
#.###+###.# #[.[ #.# #.# #.⌠. #.#
#†# #... +.+ #.# ##.# #.#
#.#####################[# #.#
#.C............##...##...
#+#######.......@......#>.⌠....⌠.
..........####.......##...##...
#...##....# #........#######.# #.
##...# #..........##.....
.###...####..........#......
.............................
...#######................... ..
#.............###... .
#.............# #...


You could see a stone giant.

Vanquished Creatures
  Bai Suzhen (Shoals:4)
  Jorgrun (Shoals:1)
  A deep elf blademaster (Elf:3)
  A titan (Shoals:4)
  A deep elf master archer (Elf:2)
  2 tengu reavers (D:15)
  Ilsuiw (Shoals:2)
  A frost giant (IceCv)
  3 emperor scorpions
  A deep elf sorcerer (Elf:1)
  Aizul (Elf:1)
  A ghost moth (Spider:1)
  A ghoul (Elf:3)
  An orc warlord (Elf:1)
  2 broodmothers
  4 very ugly things (Depths:1)
  2 stone giants
  A vampire knight (Elf:3)
  2 deep elf demonologists
  2 deep elf annihilators (Elf:3)
  6 deep elf death magi (Elf:3)
  An ettin (Orc:2)
  5 merfolk javelineers
  6 merfolk impalers
  5 entropy weavers
  A deep elf high priest (Elf:3)
  An ice dragon (Depths:1)
  An ogre mage (D:15)
  2 rakshasas (Depths:1)
  2 spriggan air magi (Depths:1)
  8 vault guards (D:14)
  5 hydras
  3 merfolk aquamancers (Shoals:4)
  A death knight (D:15)
  2 alligator snapping turtles
  4 centaur warriors (D:14)
  5 catoblepae
  5 dancing weapons
  3 deep troll shamans (Depths:1)
  7 two-headed ogres
  4 boulder beetles
  22 death yaks
  2 deep troll earth magi (Depths:1)
  Urug (Orc:2)
  A spriggan berserker (Depths:1)
  12 orc high priests
  3 deep elf knights
  5 skeletal warriors
  10 skysharks
  5 pharaoh ants
  Amaemon (Lair:2)
  A deep troll (Depths:1)
  6 orb spiders
  An iron troll (D:15)
  3 elf simulacra (Elf:3)
  4 deep elf archers
  A wizard (Depths:1)
  16 sea snakes
  Pikel (D:9)
  12 harpies
  A flayed ghost (Elf:3)
  18 deep elf pyromancers
  A harpy (shapeshifter) (D:15)
  A necromancer (Lair:3)
  4 steelbarb worms
  A lindwurm (Lair:4)
  A phantasmal warrior (D:15)
  A wolf spider zombie (D:14)
  5 oklob plants (Lair:4)
  18 deep elf zephyrmancers
  3 orc sorcerers (Orc:1)
  6 orc knights
  9 ugly things
  13 wolf spiders
  20 manticores
  5 cyclopes
  6 fauns
  A salamander (D:15)
  An elephant (shapeshifter) (D:15)
  An orange demon (Lair:2)
  3 elephants (Lair:2)
  4 centaur zombies (D:14)
  9 water nymphs
  13 merfolk sirens
  5 spectral elves (Elf:3)
  13 cane toads
  An ice statue (IceCv)
  2 demonic crawlers
  5 torpor snails
  A black mamba (shapeshifter) (D:14)
  7 black mambas
  3 kobold demonologists (D:12)
  12 komodo dragons
  An unseen horror (D:13)
  6 rime drakes
  2 tengu conjurers (Depths:1)
  6 meliai
  5 polar bears
  32 merfolk
  5 trolls
  2 raiju (Gauntlet)
  25 tarantellas
  8 wind drakes
  3 hornets (Gauntlet)
  9 dream sheep
  9 blink frogs
  A culicivora zombie (Spider:4)
  3 slime creatures (D:12)
  12 snapping turtles
  A flying skull (Elf:3)
  10 air elementals
  27 jumping spiders
  A shadow (D:14)
  6 wraiths
  Sigmund (D:5)
  A spriggan (shapeshifter) (Elf:1)
  4 wyverns
  15 culicivoras
  27 water elementals
  81 yaks
  3 fire elementals
  42 redbacks
  11 basilisks
  A golden eye (shapeshifter) (D:15)
  3 vampire mosquitoes (D:15)
  2 steam dragons
  10 wargs
  Duvessa (D:6)
  A hell hound (Spider:1)
  14 water moccasins
  36 orc warriors
  2 ice beasts
  2 sky beasts
  An elephant zombie (Lair:3)
  2 black bears
  12 ogres
  19 wolves
  7 kobold brigands
  9 centaurs
  11 bullfrogs
  A scorpion (D:5)
  3 gnoll sergeants
  A cane toad simulacrum (Orc:2)
  A two-headed ogre simulacrum (Orc:2)
  3 earth elementals
  3 wights (D:8)
  Dowan (D:6)
  14 killer bees
  6 electric eels
  4 howler monkeys
  9 hounds
  2 jellies
  A basilisk zombie (Lair:3)
  34 orc priests
  2 gnoll boudas (D:7)
  5 sleepcaps
  Ijyb (D:5)
  3 iguanas
  25 orc wizards
  A boggart zombie (D:14)
  A lightning spire (Gauntlet)
  3 troll simulacra (Orc:2)
  A spriggan simulacrum (Orc:2)
  Robin (D:3)
  32 gnolls
  2 naga simulacra (Orc:2)
  13 adders
  2 shadow imps
  A white imp (D:6)
  An ufetubus (D:6)
  2 worms
  A dart slug (D:4)
  88 orcs
  7 ball pythons
  12 endoplasms
  2 giant cockroaches (D:3)
  21 goblins
  8 hobgoblins
  10 jackals
  20 kobolds
  2 quokkas (D:3)
  4 bats
  A frilled lizard (D:3)
  5 rats
1260 creatures vanquished.

Vanquished Creatures (collateral kills)
  Arachne (Spider:4)
  2 deep elf master archers (Elf:3)
  A deep elf blademaster (Elf:3)
  An ancient champion (Elf:3)
  A deep elf sorcerer (Elf:3)
  2 emperor scorpions
  6 ghost moths
  2 curse skulls (Elf:3)
  5 deep elf elementalists (Elf:3)
  A broodmother (Spider:3)
  2 deep elf demonologists (Elf:3)
  A dire elephant (D:15)
  A deep elf annihilator (Elf:3)
  A minotaur (Gauntlet)
  Azrael (Spider:1)
  An ettin (Depths:1)
  4 deep elf death magi (Elf:3)
  A deep elf high priest (Elf:3)
  2 fire dragons
  2 entropy weavers
  A jorogumo (Spider:3)
  2 radroaches
  A boulder beetle (Spider:2)
  15 dancing weapons
  2 deep elf knights
  A pharaoh ant (Spider:1)
  A skeletal warrior (Elf:3)
  An iron troll (D:15)
  2 orb spiders
  A steelbarb worm (Spider:1)
  2 deep elf archers (Elf:3)
  2 deep elf pyromancers (Elf:2)
  7 wolf spiders
  3 deep elf zephyrmancers
  2 oklob plants (Spider:1)
  A manticore (D:15)
  3 demonic crawlers
  An efreet (D:15)
  2 tarantellas
  An air elemental (Elf:3)
  A vampire (Elf:3)
  A fire elemental (Elf:2)
  An ogre (Orc:2)
  3 earth elementals
  An iguana (D:4)
  An adder (D:2)
  2 gnolls (D:2)
  A worm (D:2)
  An orc (Orc:2)
  A ball python (D:1)
  2 endoplasms
  A giant cockroach (D:1)
  A goblin (D:1)
  A hobgoblin (D:2)
  2 kobolds
  A frilled lizard (D:1)
  A rat (D:1)
  8 foxfires
119 creatures vanquished.

Vanquished Creatures (others)
  A dancing weapon (Elf:1)
  A jumping spider (Spider:1)
  A hell hound (Spider:1)
  An orc priest (Elf:1)
  A demonic plant (Gauntlet)
  2200 foxfires
  34 fungi
  A lost soul (Elf:3)
  78 plants
  5 withered plants
2323 creatures vanquished.

Grand Total: 3702 creatures vanquished

Notes
Turn   | Place    | Note
-------+----------+-------------------------------------------
     0 | D:1      | graymark the Djinni Fire Elementalist began the quest for
                  | the Orb.
     0 | D:1      | graymark set off with the following spells memorised:
                  | Foxfire, Scorch, Volatile Blastmotes, Inner Flame, Flame
                  | Wave.
     0 | D:1      | Reached XP level 1. HP: 15/15 MP: 0/0
    21 | D:1      | Found a faded altar of an unknown god.
    80 | D:1      | Reached XP level 2. HP: 17/21 MP: 0/0
   463 | D:1      | Reached XP level 3. HP: 21/25 MP: 0/0
   463 | D:1      | Learned a level 1 spell: Summon Small Mammal
   882 | D:2      | Reached skill level 3 in Spellcasting
   886 | D:2      | Reached XP level 4. HP: 30/31 MP: 0/0
  1883 | D:3      | Reached XP level 5. HP: 35/35 MP: 0/0
  1883 | D:3      | Learned a level 2 spell: Searing Ray
  1897 | D:3      | Identified the +9 mace "Yduxtalo" {freeze, Fly rC- rN+}
  1998 | D:3      | Found a shadowy altar of Dithmenos.
  2000 | D:3      | Found a blossoming altar of Fedhas.
  2003 | D:3      | Found an opulent altar of Gozag.
  2589 | D:3      | Identified the +2 robe "Muridits" {Slay+2 Stlth+}
  2690 | D:3      | Noticed Robin
  2699 | D:3      | Killed Robin
  2700 | D:3      | Reached XP level 6. HP: 32/40 MP: 0/0
  2938 | D:4      | Reached skill level 4 in Spellcasting
  3124 | D:4      | Reached XP level 7. HP: 32/45 MP: 0/0
  3124 | D:4      | Learned a level 3 spell: Frozen Ramparts
  3722 | D:4      | Found a staircase to the Ecumenical Temple.
  3728 | Temple   | Entered the Ecumenical Temple
  3728 | Temple   | Found a transporter.
  3728 | Temple   | Found a transporter.
  3730 | Temple   | Found a transporter.
  3730 | Temple   | Found a transporter.
  3769 | Temple   | Became a worshipper of Makhleb the Destroyer
  3821 | D:5      | Entered Level 5 of the Dungeon
  3846 | D:5      | Identified the +4 leather armour of Classification {rF-
                  | rN+++ Regen+ Str+3}
  4040 | D:5      | Reached skill level 5 in Spellcasting
  4131 | D:5      | Noticed Ijyb
  4141 | D:5      | Killed Ijyb
  4142 | D:5      | Reached XP level 8. HP: 50/50 MP: 0/0
  4358 | D:5      | Reached skill level 5 in Dodging
  4358 | D:5      | Reached skill level 1 in Invocations
  4712 | D:5      | Found Peepi's Serpentskin Sales.
  4850 | D:5      | Noticed Sigmund
  4897 | D:5      | Killed Sigmund
  5104 | D:6      | Reached skill level 6 in Spellcasting
  5104 | D:6      | Reached XP level 9. HP: 55/55 MP: 0/0
  5104 | D:6      | Learned a level 3 spell: Dazzling Flash
  5130 | D:6      | Reached * piety under Makhleb
  5303 | D:6      | Noticed Duvessa
  5307 | D:6      | Noticed Dowan
  5515 | D:6      | Reached skill level 5 in Stealth
  5605 | D:6      | Killed Dowan
  5850 | D:6      | Killed Duvessa
  6429 | D:7      | Identified the +2 robe of Dawn {Harm rC++ rN+ Stlth+}
  6688 | D:7      | Found a flagged portal.
  6788 | D:7      | Reached ** piety under Makhleb
  7068 | D:7      | Reached skill level 7 in Spellcasting
  7137 | D:7      | Found Sattameg's Magic Scroll Shoppe.
  7155 | D:7      | Bought 3 scrolls of blinking for 292 gold pieces
  7155 | D:7      | Bought a scroll of identify for 26 gold pieces
  7400 | D:8      | Reached XP level 10. HP: 60/60 MP: 0/0
  7720 | D:8      | Found Paecimyr's Antique Armour Emporium.
  8069 | D:9      | Noticed Pikel
  8078 | D:9      | Killed Pikel
  8079 | D:9      | Reached skill level 5 in Invocations
  8687 | D:9      | Reached skill level 8 in Spellcasting
  9021 | D:10     | Entered Level 10 of the Dungeon
  9061 | D:10     | Reached *** piety under Makhleb
  9114 | D:10     | Found a staircase to the Lair.
  9138 | D:10     | Reached XP level 11. HP: 65/65 MP: 0/0
  9138 | D:10     | Learned a level 5 spell: Alistair's Intoxication
  9209 | D:10     | Reached skill level 1 in Fighting
  9332 | D:10     | Reached skill level 1 in Armour
  9907 | D:11     | Found a gate leading to a gauntlet.
  9920 | D:11     | Reached **** piety under Makhleb
  9946 | Gauntlet | Entered a Gauntlet
  9946 | Gauntlet | Found a transporter.
  9946 | Gauntlet | Found a transporter.
  9948 | Gauntlet | Found a transporter.
  9948 | Gauntlet | Found a transporter.
  9948 | Gauntlet | Noticed a death scarab
  9952 | Gauntlet | Found a transporter.
  9952 | Gauntlet | Found a transporter.
  9985 | Gauntlet | Found a transporter.
  9988 | Gauntlet | Found a transporter.
  9999 | Gauntlet | Found a transporter.
 10012 | Gauntlet | Found a transporter.
 10015 | Gauntlet | Noticed a reaper
 10026 | Gauntlet | Found a transporter.
 10030 | Gauntlet | Found a transporter.
 10164 | Gauntlet | Identified the amulet "Hufetala" {Acrobat rN+}
 10199 | Gauntlet | Reached skill level 9 in Spellcasting
 10249 | Gauntlet | Identified the +1 hat of Fortitude {rPois}
 10337 | Gauntlet | Identified the +5 trident of Shrieking Innocence {heavy,
                  | rElec Will+ Int+2 Stlth+}
 10337 | Gauntlet | Noticed a minotaur
 10408 | Gauntlet | Killed a minotaur
 10418 | Gauntlet | Identified the +1 ring mail of Etuddexe {rElec rF- rC+++
                  | Will-}
 10541 | D:11     | Noticed a boulder beetle
 10623 | Lair:1   | Entered Level 1 of the Lair of Beasts
 10643 | Lair:1   | Identified a scroll of acquirement
 10643 | Lair:1   | Acquired the scarf "Nylionig" {rC+ rF+, Dex+5}
 10862 | Lair:1   | Reached XP level 12. HP: 78/79 MP: 0/0
 11008 | Lair:1   | Identified the +0 pair of gloves of Untold Secrets {rC+
                  | rCorr Stlth-}
 11172 | Lair:1   | Reached skill level 5 in Fighting
 11676 | Lair:2   | Reached ***** piety under Makhleb
 11948 | Lair:2   | Reached skill level 10 in Spellcasting
 11976 | Lair:2   | Reached skill level 10 in Dodging
 12004 | Lair:2   | Found a staircase to the Shoals.
 12014 | Lair:2   | Reached XP level 13. HP: 89/89 MP: 0/0
 12014 | Lair:2   | Learned a level 5 spell: Iskenderun's Battlesphere
 12065 | Lair:2   | Noticed Amaemon
 12076 | Lair:2   | Killed Amaemon
 12077 | Lair:2   | Reached skill level 5 in Armour
 12748 | Lair:3   | Noticed a six-headed hydra
 12754 | Lair:3   | Killed a six-headed hydra
 12767 | Lair:3   | Found a hole to the Spider Nest.
 13252 | D:8      | Bought an ichor-stained robe for 171 gold pieces
 13252 | D:8      | Identified the +0 robe of Demons {Contam Harm *Corrode
                  | rN+++} (You bought it in a shop on level 8 of the Dungeon)
 14071 | Lair:3   | Reached skill level 11 in Spellcasting
 14252 | Lair:4   | Noticed a seven-headed hydra
 14261 | Lair:4   | Killed a seven-headed hydra
 14326 | Lair:4   | Reached XP level 14. HP: 97/101 MP: 0/0
 14922 | Lair:4   | Found a viscous altar of Jiyva.
 14973 | Lair:4   | Reached skill level 10 in Fighting
 15192 | Lair:4   | Found a staircase to the Slime Pits.
 15670 | Lair:5   | Entered Level 5 of the Lair of Beasts
 15685 | Lair:5   | Reached ****** piety under Makhleb
 16342 | Lair:5   | Reached skill level 12 in Spellcasting
 16342 | Lair:5   | Reached skill level 10 in Invocations
 16408 | Lair:5   | Reached XP level 15. HP: 53/110 MP: 0/0
 16408 | Lair:5   | Learned a level 6 spell: Statue Form
 17021 | D:11     | Found a staircase to the Orcish Mines.
 17182 | D:11     | Acquired a manual of Spellcasting
 17809 | Orc:1    | Entered Level 1 of the Orcish Mines
 17920 | Orc:1    | Paralysed by an orc sorcerer for 5 turns
 18401 | Orc:2    | Entered Level 2 of the Orcish Mines
 18464 | Orc:2    | Found a frozen archway.
 18482 | IceCv    | Entered an ice cave
 18607 | IceCv    | Noticed a frost giant
 18631 | IceCv    | Killed a frost giant
 18751 | IceCv    | Reached skill level 13 in Spellcasting
 18925 | Orc:2    | Found a staircase to the Elven Halls.
 19014 | Orc:2    | Noticed Urug
 19045 | Orc:2    | Killed Urug
 19549 | Orc:2    | Reached XP level 16. HP: 99/120 MP: 0/0
 19557 | Orc:2    | Found Feokeuwna's Distillery.
 19558 | Orc:2    | Found Demot's Book Boutique.
 19670 | Orc:2    | Found Gesche Kaus's Jewellery Boutique.
 19670 | Orc:2    | Found Xutuzyfa's Weapon Emporium.
 19710 | Orc:2    | Found Roathowa's CLEARANCE SALE!.
 20220 | Orc:2    | Bought a potion of heal wounds for 20 gold pieces
 20235 | Orc:2    | Bought the amulet of the Four Winds {rN+ Will+++ Clar} for
                  | 849 gold pieces
 20235 | Orc:2    | Found the amulet of the Four Winds {rN+ Will+++ Clar}
 20285 | Elf:1    | Entered Level 1 of the Elven Halls
 20413 | Elf:1    | Noticed Aizul
 20421 | Elf:1    | Gained mutation: Armour fits poorly on your strangely
                  | shaped body. [a neqoxec]
 20427 | Elf:1    | Killed Aizul
 20493 | Elf:1    | Found Neosoh's Book Shop.
 20694 | Elf:1    | Reached skill level 14 in Spellcasting
 21254 | Spider:1 | Entered Level 1 of the Spider Nest
 21264 | Spider:1 | Noticed an emperor scorpion
 21407 | Shoals:1 | Entered Level 1 of the Shoals
 21758 | Shoals:1 | Noticed Jorgrun
 21773 | Shoals:1 | Killed Jorgrun
 21774 | Shoals:1 | Reached skill level 1 in Shields
 21790 | Shoals:1 | Reached XP level 17. HP: 77/127 MP: 0/0
 21790 | Shoals:1 | Learned a level 7 spell: Enfeeble
 22337 | Shoals:2 | Noticed Ilsuiw
 22360 | Shoals:2 | Killed Ilsuiw
 22894 | Shoals:2 | Identified the +6 rapier of Punishment {drain, Fly Will+
                  | Stlth+}
 23409 | Shoals:3 | Reached skill level 15 in Spellcasting
 23662 | Shoals:4 | Entered Level 4 of the Shoals
 23662 | Shoals:4 | Found a sacrificial altar of Ru.
 23761 | Shoals:4 | Paralysed by an air elemental for 1 turns
 23898 | Shoals:4 | Reached skill level 5 in Shields
 23924 | Shoals:4 | Reached XP level 18. HP: 136/136 MP: 0/0
 24035 | Shoals:4 | Paralysed by an air elemental for 1 turns
 24434 | Shoals:4 | Noticed Bai Suzhen
 24452 | Shoals:4 | Killed Bai Suzhen
 24662 | Shoals:4 | Noticed a titan
 24673 | Shoals:4 | Killed a titan
 24699 | Shoals:4 | Got a barnacled rune of Zot
 25059 | Spider:1 | Noticed Azrael
 25204 | Lair:3   | Gained mutation: You occasionally shout uncontrollably at
                  | your foes. [mutagenic glow]
 25219 | Lair:3   | Gained mutation: You are weak. (Str -2) [mutagenic glow]
 26320 | D:13     | Identified the +6 shortbow of Megalomania {flame, *Corrode
                  | Str+2 Int+3}
 26924 | D:14     | Reached skill level 15 in Fighting
 27099 | D:14     | Identified the +1 longbow "Hell-Harrower" {elec, Stlth+}
 27425 | D:14     | Found a gate to the Vaults.
 27439 | D:14     | Reached XP level 19. HP: 31/143 MP: 0/0
 27439 | D:14     | Learned a level 7 spell: Haunt
 27527 | D:14     | Lost mutation: Armour fits poorly on your strangely shaped
                  | body. [potion of mutation]
 27527 | D:14     | Lost mutation: You are weak. (Str -2) [potion of mutation]
 27527 | D:14     | Gained mutation: A frigid envelope surrounds you and
                  | freezes all who hurt you. [potion of mutation]
 27527 | D:14     | Gained mutation: You are occasionally teleported next to
                  | monsters. [potion of mutation]
 27527 | D:14     | Gained mutation: Your mind is acute. (Int +4, Str/Dex -1)
                  | [potion of mutation]
 27528 | D:14     | Lost mutation: You occasionally shout uncontrollably at
                  | your foes. [potion of mutation]
 27528 | D:14     | Lost mutation: A frigid envelope surrounds you and freezes
                  | all who hurt you. [potion of mutation]
 27528 | D:14     | Lost mutation: Your mind is acute. (Int +4, Str/Dex -1)
                  | [potion of mutation]
 27528 | D:14     | Gained mutation: You are clumsy. (Dex -2) [potion of
                  | mutation]
 27528 | D:14     | Gained mutation: Your skin changes colour to match your
                  | surroundings (Stealth+). [potion of mutation]
 27528 | D:14     | Gained mutation: You are partially covered in iridescent
                  | scales. (AC +2) [potion of mutation]
 27529 | D:14     | Lost mutation: You are clumsy. (Dex -2) [potion of
                  | mutation]
 27529 | D:14     | Lost mutation: You are occasionally teleported next to
                  | monsters. [potion of mutation]
 27529 | D:14     | Lost mutation: You are partially covered in iridescent
                  | scales. (AC +2) [potion of mutation]
 27529 | D:14     | Gained mutation: You are frail. (-10% HP) [potion of
                  | mutation]
 27529 | D:14     | Gained mutation: You sometimes lose your temper in combat.
                  | [potion of mutation]
 27530 | D:14     | Lost mutation: You sometimes lose your temper in combat.
                  | [potion of mutation]
 27530 | D:14     | Lost mutation: Your skin changes colour to match your
                  | surroundings (Stealth+). [potion of mutation]
 27530 | D:14     | Gained mutation: You are very frail. (-20% HP) [potion of
                  | mutation]
 27530 | D:14     | Gained mutation: Your spells are a little harder to cast,
                  | but a little more powerful. [potion of mutation]
 27531 | D:14     | Lost mutation: You are very frail. (-20% HP) [potion of
                  | mutation]
 27531 | D:14     | Lost mutation: Your spells are a little harder to cast, but
                  | a little more powerful. [potion of mutation]
 27531 | D:14     | Lost mutation: You are frail. (-10% HP) [potion of
                  | mutation]
 27531 | D:14     | Gained mutation: You do not regenerate when monsters are
                  | visible. [potion of mutation]
 27646 | D:11     | Lost mutation: You do not regenerate when monsters are
                  | visible. [potion of mutation]
 27646 | D:11     | Gained mutation: Your mind is acute. (Int +4, Str/Dex -1)
                  | [potion of mutation]
 27646 | D:11     | Gained mutation: You have sharp fingernails. [potion of
                  | mutation]
 27646 | D:11     | Gained mutation: You have a pair of small horns on your
                  | head. [potion of mutation]
 27839 | D:14     | Found an ornate altar of the Wu Jian Council.
 27870 | D:15     | Entered Level 15 of the Dungeon
 27872 | D:15     | Found Jiab's Distillery.
 27880 | D:15     | Bought a potion of haste for 190 gold pieces
 27880 | D:15     | Bought a potion of haste for 190 gold pieces
 27891 | D:15     | Found a staircase to the Depths.
 28103 | D:15     | Found a runed translucent door.
 28187 | D:15     | Reached skill level 16 in Spellcasting
 28253 | D:15     | Found Ylekk's Book Shop.
 28416 | D:15     | Found Cydek's Distillery.
 28429 | D:15     | Bought a potion of heal wounds for 80 gold pieces
 28429 | D:15     | Bought 2 potions of resistance for 320 gold pieces
 28429 | D:15     | Bought a potion of brilliance for 64 gold pieces
 28450 | D:15     | Found Zoquug's Armour Shoppe.
 28492 | D:15     | Found Lideong's Assorted Antiques.
 28498 | D:15     | Bought a scroll of blinking for 292 gold pieces
 28498 | D:15     | Bought a scroll of magic mapping for 292 gold pieces
 28498 | D:15     | Bought 2 potions of curing for 234 gold pieces
 30338 | Elf:2    | Paralysed by an air elemental for 1 turns
 30410 | Elf:2    | Reached skill level 10 in Shields
 30512 | Elf:2    | Identified the +3 arbalest of Dixkeedo {flame, rPois}
 30881 | Elf:2    | Found a runed translucent gate.
 30882 | Elf:2    | Found a runed translucent gate.
 30882 | Elf:2    | Found a runed translucent gate.
 31102 | Elf:3    | Entered Level 3 of the Elven Halls
 31298 | Elf:3    | Reached XP level 20. HP: 117/151 MP: 0/0
 32098 | Elf:3    | Reached skill level 17 in Spellcasting
 32617 | Elf:3    | Identified the +4 battleaxe "Fuxisi" {freeze, rC++ Will-}
 32716 | Elf:3    | Identified the ring of Attitude {rC+ Dex+6 Stlth+}
 32761 | Elf:3    | Identified the +7 falchion "Zesuam" {drain, rCorr Dex+5}
 32781 | Elf:3    | Identified the staff of earth "Faduacha" {rCorr}
 32784 | Elf:3    | Identified the ring "Purups" {Fly rC+ rN++ Str+6 Int-5}
 32788 | Elf:3    | Identified the +5 war axe of Keduoti {protect, Stlth+}
 33225 | Elf:3    | Identified the +0 fire dragon scales of Circular Logic
                  | {rElec rF++ rC- MP+9 Str+3}
 33282 | Elf:3    | Identified the +6 morningstar of the Dwarven Hall {flame,
                  | Str+7 Dex+3}
 33306 | Elf:3    | Got Atzisan's Writings on Attendants
 33308 | Elf:3    | Identified the staff of air "Duekkoqunt" {rElec rF+}
 33320 | Elf:3    | Identified the amulet "Seab" {Spirit Will+ Str+2 Int+2}
 33983 | D:7      | Bought a scroll of blinking for 97 gold pieces
 33983 | D:7      | Bought a scroll of fog for 52 gold pieces
 33983 | D:7      | Bought a scroll of enchant armour for 97 gold pieces
 34206 | Spider:1 | Killed Azrael
 35260 | Spider:2 | Acquired the +1 hat of Xuthruke {rC++ Str+4 Stlth-}
 35261 | Spider:2 | Acquired a manual of Armour
 35603 | Spider:2 | Reached XP level 21. HP: 159/159 MP: 0/0
 35603 | Spider:2 | Learned a level 8 spell: Lehudib's Crystal Spear
 35867 | Spider:2 | You are sucked into a shaft and drop 1 floor!
 36538 | Spider:3 | Reached skill level 18 in Spellcasting
 37005 | Spider:4 | Entered Level 4 of the Spider Nest
 37413 | Spider:4 | Noticed Arachne
 37635 | Spider:4 | Killed Arachne
 38255 | Depths:1 | Entered Level 1 of the Depths
 38289 | Depths:1 | Lost strength.
 38499 | Depths:1 | Reached skill level 10 in Armour
 38747 | Depths:1 | HP: 5/161 [something (33)]
 38748 | Depths:1 | Slain by a vampire knight

Illustrated notes

Levels and vault maps discovered:
D:1:      mushboom_english_gardens, layout_loops_ring,
          hellmonk_ecumenical_altar_slurped_away
D:2:      layout_basic
D:3:      kennysheep_goblin_castle, layout_basic, grunt_temple_overflow_diamond,
          serial_glass, glass_columns_a, glass_columns_a, minmay_quadrilaterals
D:4:      layout_cave_pools, minmay_temple_entry_fiery, minmay_puff
D:5:      black_bear_nest_1, layout_basic, guppyfry_shop_venom, uniq_ijyb,
          uniq_sigmund
D:6:      layout_layer_cave, uniq_duvessa
D:7:      layout_basic, serial_shops, shop, enter_bailey_8
D:8:      layout_loops_ring, serial_shops, nicolae_shop_back_alley_shop,
          due_unseen_surprise
D:9:      layout_loops_ring, nicolae_benzene_ring, billiards_dpeg, uniq_pikel
D:10:     layout_grid_maze, erik_lair_island
D:11:     layout_loops_ring, david_orc_4, gauntlet_entry_generic
D:12:     layout_basic
D:13:     layout_cross
D:14:     layout_roguey, erik_vaults_2, serial_undead, serial_undead_d,
          serial_undead_a, serial_undead_e, serial_undead_b,
          nicolae_wu_jian_immortal_techniques
D:15:     hangedman_depths_entry_try_elsewhere_first, layout_gridville,
          serial_shops, shop, shop, shop, shop, shop, corexii_hall_statues_i,
          minmay_hidden_floor
Temple:   hellmonk_temple_divided_pantheon
Lair:1:   statuecave_lemuel, layout_loops_ring, nicolae_quartered_pool_medium
Lair:2:   layout_small_grid, elwin_shoals_entry_stream, lemuel_fruit_fields,
          infiniplex_staircase_pool, uniq_amaemon
Lair:3:   pond_and_an_island_with_a_cottage, layout_cave_pods,
          nicolae_spider_entry_lesser_pyramids
Lair:4:   layout_cave_pods, minmay_slime_entry_oklob_enclosed,
          kennysheep_basilisk_garden
Lair:5:   evilmike_catoblepas_cave, layout_gridlike
Shoals:1: layout_shoals, nicolae_shoals_square_sea_wall, argonaut_gorgonesque,
          uniq_jorgrun
Shoals:2: layout_shoals, uniq_ilsuiw
Shoals:3: layout_shoals, nicolae_shoals_lost_giant_baths
Shoals:4: shoals_end_hellmonk_storm_palace [storm_palace_center_square,
          storm_palace_corner_blocked, storm_palace_corner_reverse_hut,
          storm_palace_corner_reverse_hut, storm_palace_corner_altar],
          serial_shops, uniq_bai_suzhen
Spider:1: spider_temple_joshua, uniq_azrael
Spider:2: layout_spider_delve
Spider:3: layout_cave_pods, nicolae_spider_wall_of_niches
Spider:4: floodkiller_spider_rune_tomb, drop_trap, uniq_arachne
Orc:1:    layout_caves
Orc:2:    st_orc_town, layout_caves, portal_ice_cave_entry_ice_simulacra,
          nicolae_shop_clearance, uniq_urug
Elf:1:    nicolae_elf_arrival_fired_up, layout_loops_ring, serial_shops, shop,
          special_room [special_room_orc], hangedman_elf_represent, uniq_aizul
Elf:2:    elven_hall_of_blades_hangedman_original
          [nicolae_blade_entry_diamond_columns], layout_geoelf_grid,
          guppyfry_elf_garden, uniq_louise
Elf:3:    grunt_elf_hall_branching, layout_geoelf_octagon,
          nicolae_elf_deep_mausoleum
Depths:1: layout_small_grid, hellmouth_2, abyss_entry, minmay_door_square,
          grunt_ministairs_5, evilmike_ambush [evilmike_ambush_outer_pillars,
          evilmike_ambush_inner_pond]

Skill      XL: |  1  2  3  4  5  6  7  8  9 10 11 12 13 14 15 16 17 18 19 20 21 |
---------------+----------------------------------------------------------------+-----
Stealth        | 2 3 4 5 6 7 |  7.0
Spellcasting   | 3 4 5 6 7 8 9 10 11 12 13 14 15 16 17 18 | 18.3
Dodging        | 3 4 5 6 8 9 10 11 13 14 | 14.0
Invocations    | 2 4 5 7 9 10 11 12 13 14 | 14.2
Fighting       | 4 6 9 11 12 13 14 15 16 17 | 17.4
Armour         | 3 4 5 7 8 10 | 10.4
Shields        | 1 5 8 10 11 12 | 12.7

Action                     |  1- 3 |  4- 6 |  7- 9 | 10-12 | 13-15 | 16-18 | 19-21 || total
---------------------------+-------+-------+-------+-------+-------+-------+-------++-------
  Melee: Short sword       |    27 |    35 |    43 |    35 |       |       |       ||   140
         Trident           |       |       |       |    21 |    99 |   219 |   114 ||   453
         Punch             |       |       |       |       |     1 |     1 |       ||     2
         Headbutt          |       |       |       |       |       |       |    35 ||    35
   Cast: Foxfire           |    23 |   119 |   231 |   223 |   378 |   206 |   153 ||  1333
         Scorch            |     5 |    12 |    14 |    47 |   301 |   402 |   382 ||  1163
         Summon Small Mamm |    21 |    24 |    17 |       |    11 |     2 |     3 ||    78
         Searing Ray       |       |     1 |    12 |    25 |     9 |    26 |    16 ||    89
         Inner Flame       |       |     1 |     1 |     1 |     1 |     2 |     1 ||     7
         Frozen Ramparts   |       |       |     1 |    28 |    42 |    54 |    29 ||   154
         Volatile Blastmot |       |       |    34 |    28 |    14 |       |     5 ||    81
         Flame Wave        |       |       |       |    15 |    75 |   127 |    54 ||   271
         Alistair's Intoxi |       |       |       |     7 |       |       |       ||     7
         Dazzling Flash    |       |       |       |     3 |    13 |     5 |     2 ||    23
         Iskenderun's Batt |       |       |       |       |     3 |    17 |    32 ||    52
         Statue Form       |       |       |       |       |     1 |     3 |     4 ||     8
         Enfeeble          |       |       |       |       |       |     4 |    45 ||    49
         Haunt             |       |       |       |       |       |       |   153 ||   153
         Lehudib's Crystal |       |       |       |       |       |       |     2 ||     2
 Invoke: Lesser Servant of |       |       |       |     3 |     1 |     3 |     3 ||    10
         Major Destruction |       |       |       |       |       |     1 |       ||     1
         Greater Servant o |       |       |       |       |       |       |     1 ||     1
  Evoke: Wand              |       |       |     3 |       |     4 |     1 |       ||     8
         Lightning rod     |       |       |       |       |       |       |     1 ||     1
    Use: Scroll            |     2 |     5 |     9 |    14 |     8 |     8 |    10 ||    56
         Potion            |       |       |     1 |     1 |     1 |     6 |    15 ||    24
   Stab: Sleeping          |       |     1 |       |     2 |     4 |     3 |     1 ||    11
         Distracted        |       |       |       |     1 |       |     3 |     4 ||     8
         Petrified         |       |       |       |       |     3 |       |       ||     3
         Invisible         |       |       |       |       |       |       |     4 ||     4
 Armour: Robe              |     5 |    11 |     3 |       |       |       |       ||    19
         Leather armour    |       |       |    24 |    42 |    86 |   120 |   179 ||   451
         Skin              |       |       |       |       |    11 |    24 |    10 ||    45
  Dodge: Dodged            |    30 |    44 |   125 |   245 |   606 |  1078 |   654 ||  2782
  Block: Other             |    10 |       |       |       |       |       |       ||    10
         Kite shield       |       |       |       |       |       |   390 |   614 ||  1004
         Reflection        |       |       |       |       |       |    31 |    23 ||    54
